 Dungeon Crawl Stone Soup version 0.23.2-33-g5129a83184 (webtiles) character file.

Game seed: 14531299032965687103

13532 Folque the Destroyer (level 11, -7/86 HPs)
             Began as a Black Draconian Earth Elementalist on July 21, 2019.
             Was a Priest of Vehumet.
             Mangled by a freezing wraith (10 damage)
             ... on level 14 of the Dungeon.
             The game lasted 00:46:17 (11912 turns).

Folque the Destroyer (DrEE)                        Turns: 11912, Time: 00:46:17

Health: -7/86      AC:  7    Str: 10    XL:     11   Next: 76%
Magic:  2/21       EV: 15    Int: 20    God:    Vehumet [***...]
Gold:   738        SH:  0    Dex: 11    Spells: 8/24 levels left

rFire    x . .     SeeInvis .   w - +3 scimitar (flame)
rCold    + . .     Gourm    .   (no shield)
rNeg     . . .     Faith    .   (armour unavailable)
rPois    .         Spirit   .   (helmet restricted)
rElec    +         Reflect  .   (no cloak)
rCorr    .         Harm     .   (no gloves)
MR       +....                  (no boots)
Stlth    +++.......             (no amulet)
HPRegen  0.24/turn              H - ring of ice
MPRegen  0.17/turn              n - ring of protection from magic

@: slowed, very slow
A: breathe lightning, unfitting armour, electricity resistance, cold-blooded, AC
+7
a: Breathe Lightning, Renounce Religion


You were on level 14 of the Dungeon.
You worshipped Vehumet.
Vehumet was most pleased with you.
You were hungry.

You visited 2 branches of the dungeon, and saw 13 of its levels.

You collected 738 gold pieces.

Inventory:

Hand Weapons
 e - a +0 spear
 m - a +2 dagger of venom
 s - a +2 dagger of speed
 w - a +3 scimitar of flaming (weapon)
 y - a +1 long sword of protection
 T - a +2 vampiric demon trident
Missiles
 b - 172 stones
 D - 3 javelins (quivered)
Armour
 I - a +1 buckler
 S - a +2 buckler of protection
Jewellery
 n - a ring of protection from magic (right hand)
 x - an uncursed ring of protection from fire
 H - a ring of ice (left hand)
 J - an uncursed ring of positive energy {unknown}
 K - an uncursed ring of wizardry {unknown}
 M - an uncursed amulet of the acrobat {unknown}
 P - an uncursed amulet of regeneration {unknown}
Wands
 f - a wand of flame (23)
 v - a wand of paralysis (6)
 A - a wand of iceblast (3)
 N - a wand of acid (7)
 Q - a wand of random effects (12)
Scrolls
 a - 2 scrolls of magic mapping
 d - a scroll of random uselessness {unknown}
 g - 2 scrolls of amnesia {unknown}
 h - 8 scrolls of identify
 i - 3 scrolls of enchant weapon {unknown}
 j - 5 scrolls of teleportation {unknown}
 o - 2 scrolls of fear {unknown}
 p - 2 scrolls of blinking
 t - 3 scrolls of enchant armour
 B - 4 scrolls of remove curse
 L - 2 scrolls of immolation {unknown}
 O - a scroll of noise {unknown}
Potions
 k - 2 potions of haste
 l - 4 potions of resistance
 q - 4 potions of brilliance {unknown}
 r - 3 potions of heal wounds {unknown}
 u - 4 potions of might {unknown}
 z - 3 potions of degeneration
 C - 2 potions of ambrosia
 E - a potion of agility {unknown}
 F - 3 potions of curing
 G - 2 potions of lignification {unknown}
 U - 3 potions of flight {unknown}
Comestibles
 c - 21 rations
 R - 3 chunks of flesh


   Skills:
 - Level 5.1 Fighting
 * Level 4.7 Short Blades
 - Level 4.3 Throwing
 - Level 6.1 Dodging
 * Level 5.2 Stealth
 - Level 7.0 Spellcasting
 - Level 10.1 Conjurations
 + Level 3.2 Transmutations
 - Level 7.1 Earth Magic


You had 8 spell levels left.
You knew the following spells:

 Your Spells              Type           Power        Failure   Level  Hunger
a - Sandblast             Erth           #####.       1%          1    None
b - Passwall              Tmut/Erth      ####....     1%          2    None
c - Stone Arrow           Conj/Erth      #####.       1%          3    #......
d - Lee's Rapid Deconstr  Erth           #####.....   4%          5    #####..
e - Shock                 Conj/Air       ####         1%          1    None
f - Petrify               Tmut/Erth      ####....     11%         4    ###....

Your spell library contained the following spells:

 Spells                   Type           Power        Failure   Level  Hunger
 Ignite Poison            Fire/Tmut/Pois ##......     5%          3    #......


Dungeon Overview and Level Annotations

Branches:
Dungeon (11/15)            Temple (1/1) D:6            Lair (0/6) D:10
    Orc: D:9-12

Altars:
Ashenzari
Cheibriados
Dithmenos
Elyvilon
Fedhas
Gozag
Hepliaklqana
Kikubaaqudgha
Makhleb
Nemelex Xobeh
Okawaru
Qazlal
Ru
Sif Muna
Trog
Uskayaw
Vehumet
Wu Jian
Xom
Yredelemnul
Zin
The Shining One

Shops:
D:7 *


Innate Abilities, Weirdness & Mutations

You can breathe wild blasts of lightning.
Your glossy black scales are hard. (AC +7)
You cannot fit into any form of body armour.
You are resistant to electric shocks. (rElec)
You are cold-blooded and may be slowed by cold attacks.


Message History

* * * LOW HITPOINT WARNING * * *
The freezing wraith freezes you. You resist.
* * * LOW HITPOINT WARNING * * *
The freezing wraith hits you.
* * * LOW HITPOINT WARNING * * *
The freezing wraith drains your vigour!
You feel as though you will be slow longer.
Your magical contamination has completely faded away.
Evoke which item? (* to show all) (? for menu, Esc to quit)
That's the wrong kind of item! (Use * to select it.) Evoke which item? (* to show all) (? for menu, Esc to quit)
Aiming: Corrosive Bolt
Press: ? - help, Shift-Dir - straight line, f/p - freezing wraith
Aim: a freezing wraith (almost destroyed)
The bolt of acid misses the freezing wraith.
The freezing wraith barely misses you.
You riposte.
You hit the freezing wraith. You burn the freezing wraith.
The freezing wraith is almost destroyed.
The freezing wraith hits you!
You die...

### #.. #.#
###.# ##...##
##.....##
#......)###.####
#.....@W.)).....
#...(...###.####
##.....####.#.
##...........
##.######... #.
#. #.


You could see a freezing wraith.

Vanquished Creatures
  Erolcha (D:11)
  Erica (D:11)
  A tengu warrior (D:9)
  3 two-headed ogres
  Sonja (D:11)
  An unseen horror (D:10)
  A wizard (D:9)
  An orc knight (D:9)
  A black mamba (shapeshifter) (D:9)
  2 trolls
  A hornet (D:10)
  3 hippogriffs
  5 yaks (D:8)
  A wyvern (D:9)
  3 hungry ghosts
  A steam dragon (D:10)
  Menkaure (D:6)
  An ice beast (D:8)
  5 orc warriors
  A sky beast (D:9)
  3 black bears
  2 phantoms
  A hornet zombie (D:11)
  An ogre (shapeshifter) (D:9)
  4 ogres
  2 centaurs
  A big kobold (D:10)
  13 bullfrogs
  A water moccasin skeleton (D:8)
  2 scorpions (D:6)
  A killer bee (D:9)
  2 howler monkeys
  3 centaur zombies
  6 crimson imps
  A quasit (D:10)
  5 jellies
  3 hounds
  A gnoll shaman (D:5)
  5 orc priests
  A centaur skeleton (D:8)
  4 iguanas
  11 orc wizards
  7 worker ants
  A howler monkey zombie (D:6)
  5 gnolls (D:5)
  13 adders
  5 shadow imps
  6 oozes
  An adder zombie (D:6)
  2 adder skeletons
  7 worms
  5 dart slugs
  7 leopard geckos
  57 orcs
  3 giant cockroaches
  5 goblins
  7 hobgoblins
  5 jackals
  4 kobolds
  7 quokkas
  2 ball pythons (D:2)
  11 bats
  5 frilled lizards
  A jackal zombie (D:5)
  2 leopard gecko skeletons (D:4)
  A quokka skeleton (D:4)
  8 rats
  A butterfly (D:6)
286 creatures vanquished.

Notes
Turn   | Place    | Note
-------+----------+-------------------------------------------
     0 | D:1      | Folque the Draconian Earth Elementalist began the quest for
                  | the Orb.
     0 | D:1      | Reached XP level 1. HP: 14/14 MP: 3/3
   273 | D:1      | Reached skill level 1 in Fighting
   313 | D:1      | Reached XP level 2. HP: 20/23 MP: 5/5
   357 | D:1      | Learned a level 2 spell: Passwall
   818 | D:2      | Reached XP level 3. HP: 28/29 MP: 6/6
   826 | D:2      | Learned a level 3 spell: Stone Arrow
  1147 | D:2      | Reached skill level 1 in Conjurations
  1147 | D:2      | Reached XP level 4. HP: 31/37 MP: 0/7
  2014 | D:3      | Noticed a centaur
  2026 | D:3      | Killed a centaur
  2026 | D:3      | Reached skill level 2 in Conjurations
  2026 | D:3      | Reached XP level 5. HP: 6/42 MP: 1/9
  2794 | D:4      | Noticed an ogre
  2804 | D:4      | Killed an ogre
  2804 | D:4      | Reached skill level 3 in Conjurations
  2804 | D:4      | Reached XP level 6. HP: 19/50 MP: 3/11
  2815 | D:4      | Learned a level 5 spell: Lee's Rapid Deconstruction
  3244 | D:4      | Found a sacrificial altar of Ru.
  3710 | D:5      | Entered Level 5 of the Dungeon
  3941 | D:5      | Your scales start taking on a glossy black colour.
  3941 | D:5      | Reached XP level 7. HP: 17/56 MP: 1/13
  3941 | D:5      | Gained mutation: You are resistant to electric shocks.
                  | (rElec) [Black Draconian growth]
  4641 | D:6      | Reached skill level 4 in Conjurations
  5230 | D:6      | Reached skill level 5 in Earth Magic
  5287 | D:6      | Reached XP level 8. HP: 54/62 MP: 14/14
  5331 | D:6      | Found a snail-covered altar of Cheibriados.
  5345 | D:6      | Noticed Menkaure
  5351 | D:6      | Killed Menkaure
  5383 | D:6      | Found a staircase to the Ecumenical Temple.
  5392 | Temple   | Entered the Ecumenical Temple
  5511 | Temple   | Became a worshipper of Vehumet
  5673 | D:6      | Found a shimmering altar of Xom.
  5977 | D:7      | Found Asu Bad's General Store.
  6100 | D:7      | Reached skill level 5 in Conjurations
  7008 | D:8      | Noticed a hippogriff
  7020 | D:8      | Killed a hippogriff
  7020 | D:8      | Reached XP level 9. HP: 47/68 MP: 1/15
  7142 | D:8      | Reached skill level 6 in Conjurations
  7142 | D:8      | Reached * piety under Vehumet
  7142 | D:8      | Offered knowledge of Shock by Vehumet.
  7151 | D:8      | Learned a level 1 spell: Shock
  7173 | D:8      | Found a blossoming altar of Fedhas.
  7190 | D:8      | Reached skill level 5 in Dodging
  7629 | D:8      | Reached skill level 7 in Conjurations
  7635 | D:8      | Reached skill level 5 in Fighting
  7764 | D:9      | Noticed a two-headed ogre
  7876 | D:9      | Found a sparkling altar of Nemelex Xobeh.
  7878 | D:9      | Found a glowing silver altar of Zin.
  8122 | D:9      | Killed a two-headed ogre
  8122 | D:9      | Reached skill level 1 in Throwing
  8122 | D:9      | Reached XP level 10. HP: 81/81 MP: 6/16
  8155 | D:9      | Reached ** piety under Vehumet
  8155 | D:9      | Offered knowledge of Freeze by Vehumet.
  8350 | D:9      | Reached skill level 8 in Conjurations
  8424 | D:9      | Noticed an orc knight
  8501 | D:10     | Entered Level 10 of the Dungeon
  8575 | D:10     | Reached skill level 5 in Spellcasting
  8662 | D:10     | Paralysed by a hornet for 1 turns
  9210 | D:10     | Killed an unseen horror
  9210 | D:10     | Reached skill level 9 in Conjurations
  9329 | D:10     | Found a staircase to the Lair.
  9542 | D:10     | Noticed a two-headed ogre
  9554 | D:10     | Killed a two-headed ogre
  9879 | D:9      | Learned a level 4 spell: Petrify
 10221 | D:9      | Reached XP level 11. HP: 80/86 MP: 7/20
 10227 | D:9      | Noticed a tengu warrior
 10266 | D:9      | Killed a tengu warrior
 10266 | D:9      | Reached skill level 10 in Conjurations
 10552 | D:9      | Offered knowledge of Inner Flame by Vehumet.
 10600 | D:9      | Reached skill level 1 in Short Blades
 10690 | D:9      | Noticed a wizard
 10694 | D:9      | Killed a wizard
 10960 | D:9      | Killed an orc knight
 10960 | D:9      | Reached *** piety under Vehumet
 11176 | D:11     | Noticed Sonja
 11440 | D:11     | Noticed Erica
 11444 | D:11     | Noticed Erolcha
 11470 | D:11     | Killed Erica
 11591 | D:11     | Killed Sonja
 11679 | D:11     | Killed Erolcha
 11717 | D:11     | Noticed a two-headed ogre
 11726 | D:11     | Killed a two-headed ogre
 11726 | D:11     | Reached skill level 5 in Stealth
 11870 | D:11     | You fall through a shaft for 3 floors!
 11892 | D:14     | Offered knowledge of Ignite Poison by Vehumet.
 11911 | D:14     | HP: 3/86 [freezing wraith (2)]
 11912 | D:14     | Mangled by a freezing wraith

Skill      XL: |  1  2  3  4  5  6  7  8  9 10 11 |
---------------+----------------------------------+-----
Fighting       | 1 2 5 |  5.1
Conjurations   | 1 2 3 4 5 7 9 10 | 10.1
Spellcasting   | 3 4 6 7 |  7.0
Earth Magic    | 4 5 6 7 |  7.1
Dodging        | 2 3 4 6 |  6.1
Throwing       | 1 4 |  4.3
Stealth        | 5 |  5.2
Short Blades   | 4 |  4.7
Transmutations | 3 |  3.2

Action                   |  1- 3 |  4- 6 |  7- 9 | 10-12 || total
-------------------------+-------+-------+-------+-------++-------
Melee: Spear             |    81 |       |       |       ||    81
       Tailslap          |     7 |    11 |    26 |    20 ||    64
       Dagger            |    39 |   129 |   125 |    52 ||   345
       Long sword        |       |       |    63 |    49 ||   112
       Scimitar          |       |       |       |    11 ||    11
       Demon trident     |       |       |       |     2 ||     2
Throw: Javelin           |       |       |       |     2 ||     2
 Cast: Sandblast         |     8 |    26 |    42 |    45 ||   121
       Stone Arrow       |     1 |    27 |    66 |    67 ||   161
       Shock             |       |       |    15 |    28 ||    43
       Lee's Rapid Decon |       |       |     3 |    14 ||    17
       Petrify           |       |       |       |    18 ||    18
 Abil: Breathe Lightning |       |       |     1 |       ||     1
Evoke: Wand              |       |       |     1 |     9 ||    10
  Use: Potion            |       |       |     1 |     1 ||     2
       Scroll            |       |       |     9 |     1 ||    10
 Stab: Sleeping          |     6 |     1 |     2 |     2 ||    11
       Petrified         |       |       |       |    43 ||    43
       Petrifying        |       |       |       |     1 ||     1
  Eat: Chunk             |     1 |    11 |    22 |    15 ||    49
       Ration            |       |       |       |     3 ||     3
Armor: Skin              |    35 |    45 |    83 |    54 ||   217
Dodge: Dodged            |    80 |    75 |   159 |   155 ||   469
       Rpst.: Long sword |       |       |    31 |    23 ||    54
       Scimitar          |       |       |       |     8 ||     8
